 Dungeon Sprint DCSS version 0.30-a0-34-gbe8da3892a (webtiles) character file.

Game seed: 4367933942523568112

3563 mhtbhm the Earth Mage (level 10, -1/53 HPs)
             Began as a Gargoyle Earth Elementalist on Aug 27, 2022.
             Was a High Priest of Vehumet.
             Slain by an orc warrior
             ... wielding a +0 short sword
              (18 damage)
             ... in the Dungeon (Sprint III: "The Ten Rune Challenge").
             The game lasted 00:05:10 (2084 turns).

mhtbhm the Earth Mage (Gargoyle Earth Elementalist) Turns: 2084, Time: 00:05:12

Health: -1/53      AC: 10    Str: 11    XL:     10   Next: 9%
Magic:  26/26      EV: 13    Int: 24    God:    Vehumet [*****.]
Gold:   36         SH:  0    Dex:  9    Spells: 19/34 levels left

rFire   . . .      SeeInvis .    (no weapon)
rCold   . . .      Faith    .    (no shield)
rNeg    + + .      Spirit   .    a - +1 robe {rN+}
rPois   ∞          Reflect  .    (helmet restricted)
rElec   +          Harm     .    (no cloak)
rCorr   .          Rampage  .    (no gloves)
Will    .....      NoTele   +    (no boots)
Stlth   +++.......               (no amulet)
HPRegen 0.17/turn                (no ring)
MPRegen 0.20/turn                (no ring)

@: weak-willed
A: sickness immunity, AC +7, negative energy resistance 1, electricity
resistance, torment resistance 1, petrification resistance, horns 1, clever 1,
screaming 1
a: Renounce Religion


You were in the Dungeon.
You worshipped Vehumet.
Vehumet was extremely pleased with you.
You visited 1 branch You collected 36 gold pieces.

Inventory:

Missiles
 h - 2 poisoned darts
Armour
 a - a +1 robe of positive energy (worn)
Scrolls
 g - a scroll of blinking
 m - a scroll of poison
Potions
 b - 3 potions of magic
 c - a potion of curing
 d - 3 potions of heal wounds
 e - a potion of haste
 f - a potion of berserk rage
 l - a potion of brilliance
 n - a potion of resistance {unknown}
 o - 2 potions of mutation
 p - a potion of might
Miscellaneous
 q - a tin of tremorstones (2/2)


   Skills:
 + Level 2.2 Fighting
 + Level 5.2 Dodging
 + Level 5.4 Stealth
 + Level 12.5 Spellcasting
 + Level 9.1 Conjurations
 + Level 2.9 Transmutations
 + Level 2.6 Fire Magic
 + Level 2.3 Air Magic
 + Level 16.3 Earth Magic
 + Level 2.5 Poison Magic


You had 19 spell levels left.
You knew the following spells:

 Your Spells              Type           Power      Damage    Failure   Level
a - Sandblast             Erth           100%       2d20      0%          1
b - Passwall              Tmut/Erth      47%        N/A       1%          2
c - Stone Arrow           Conj/Erth      100%       3d13      1%          3
d - Petrify               Tmut/Erth      57%        N/A       1%          4
e - Mephitic Cloud        Conj/Pois/Air  37%        N/A       1%          3
f - Scorch                Fire           54%        2d7       1%          2

Your spell library contained the following spells:

 Spells                   Type           Power      Damage    Failure   Level
 Fulminant Prism          Conj/Hex       18%        3d11      1%          4
 Ignite Poison            Fire/Tmut/Pois 28%        N/A       1%          3
 Freezing Cloud           Conj/Ice/Air   16%        6-21      7%          5


Dungeon Overview and Level Annotations

Branches:
Dungeon (1/1)

Altars:
Cheibriados
Dithmenos
Elyvilon
Fedhas
Gozag
Hepliaklqana
Kikubaaqudgha
Makhleb
Nemelex Xobeh
Okawaru
Qazlal
Ru
Sif Muna
Trog
Uskayaw
Vehumet
Wu Jian
Xom
Yredelemnul
Zin
The Shining One
Jiyva
Lugonu

Shops:
D !


Innate Abilities, Weirdness & Mutations

You are immune to sickness and miasma.
Your stone body is resilient. (AC +7)
You are immune to poison.
You resist negative energy. (rN+)
You are resistant to electric shocks. (rElec)
You are resistant to unholy torment.
You are immune to petrification.
You have a pair of small horns on your head.
Your mind is acute. (Int +4, Str/Dex -1)
You occasionally shout uncontrollably at your foes.


Message History

a +0 giant club; a +0 robe
Things that are here:
a +0 giant club; a +0 dire flail You open the door.
Found 22 gold pieces.
You yell at the orc! 3 orc warriors, an orc priest and 2 orcs come into view.
Found 548 gold pieces.
Found Sezit's Distillery.
The orc shouts!
The orc priest shouts!
The orc shouts!
The orc warrior shouts!
You hear a shout! x6
An orc warrior comes into view. It is wielding a +0 mace.
There is an open door to the Orcish Mines here.
You yell at the orc! 9 orcs come into view.
An orc knight is wielding a +1 great mace of holy wrath.
An orc is wielding a +0 vorpal flail.
Found 13 gold pieces.
The orc wizard shouts!
The orc shouts! x3; You hear a shout!
You see here 8 gold pieces.
As you read the scroll labelled OXUEME IQEOTYMP, it crumbles to dust.
Magic quickly surges around you.
It was a scroll of vulnerability.
As you read the scroll labelled SIHUORCH RIASK, it crumbles to dust.
Your body is wracked with pain!
The orc warrior convulses! x2
The orc convulses! x2; The orc warrior convulses!
The orc knight convulses!
The orc convulses!
The orc warrior convulses!
The orc convulses!
The orc priest convulses!
The orc wizard convulses!
The orc priest convulses!
The orc warrior convulses!
The orc convulses!
It was a scroll of torment.
The orc priest looks satisfied for a moment.
The orc warrior hits you with a +0 hand axe!
An orc wizard comes into view. It is wielding a +0 dagger of venom.
Unknown command.
Unknown command.
As you read the scroll labelled QEVERY GUNING, it crumbles to dust.
It is a scroll of identify.
l - a potion of brilliance The orc knight roars a battlecry!
The orcs go into a battle-frenzy!
The orc priest invokes the aid of Beogh against you.
Beogh smites you!
The orc warrior hits you with a +0 short sword!!
You die...

▓▓▓ ##.############ ##### #
##..#___#___#__##$$$o#$$
.#..#...#__)#._#$$..o...
.#..###'#'###)##..oooo.o
'#..#..........#oo..oo
#...'.⌠........#ooo#
#...#...######'#@#
....#.⌠.#__#..)#'################
....#...#__#...#....#.#.#.....#^.
....#'###__#...##.#..#.##)###.#.^
....#.[.#__#...'##)#.#.##.#..##.^
....#___#__'...#...#..#.)##..')..
▓▓▓▓▓▓▓▓▓▓▓▓▓▓▓▓▓▓▓▓▓▓▓▓▓▓▓▓▓#.^.
~~~........~~~...#...
♣≈≈≈≈≈≈≈≈≈≈≈≈♣♣P.'...


You could see an orc knight (weak-willed), 4 orc warriors, 2 orc priests, an orc
wizard (strong) and 6 orcs.

Vanquished Creatures
  Erolcha (D)
  A deep elf pyromancer (D)
  3 wandering mushrooms (D)
  A shadow (D)
  2 redbacks (D)
  A spatial vortex (D)
  5 two-headed ogres (D)
  A necrophage (D)
  A water elemental (D)
  A jelly (D)
  A wizard (D)
  Jessica (D)
  A necromancer (D)
  3 humans (D)
  A kobold demonologist (D)
  A wolf (D)
  2 rats (D)
27 creatures vanquished.

Notes
Turn   | Place    | Note
-------+----------+-------------------------------------------
     0 | D        | mhtbhm the Gargoyle Earth Elementalist began the quest for
                  | the Orb.
     0 | D        | Reached XP level 1. HP: 10/10 MP: 3/3
     9 | D        | Reached skill level 4 in Earth Magic
    53 | D        | Noticed Jessica
    58 | D        | Killed Jessica
    59 | D        | Reached skill level 6 in Earth Magic
    59 | D        | Reached XP level 2. HP: 15/15 MP: 0/6
    59 | D        | Reached XP level 3. HP: 19/19 MP: 0/7
   143 | D        | Learned a level 2 spell: Passwall
   147 | D        | Learned a level 3 spell: Stone Arrow
   256 | D        | Reached skill level 1 in Transmutations
   340 | D        | Reached skill level 7 in Earth Magic
   340 | D        | Reached XP level 4. HP: 24/24 MP: 5/9
   356 | D        | Gained mutation: You are weak. (Str -2) [potion of
                  | mutation]
   356 | D        | Gained mutation: You expend magic power (3 MP) to
                  | strengthen your wands. [potion of mutation]
   357 | D        | Lost mutation: You are weak. (Str -2) [potion of mutation]
   357 | D        | Lost mutation: You expend magic power (3 MP) to strengthen
                  | your wands. [potion of mutation]
   357 | D        | Gained mutation: You occasionally shout uncontrollably at
                  | your foes. [potion of mutation]
   357 | D        | Gained mutation: You have a pair of small horns on your
                  | head. [potion of mutation]
   357 | D        | Gained mutation: Your mind is acute. (Int +4, Str/Dex -1)
                  | [potion of mutation]
   377 | D        | Noticed a water elemental
   380 | D        | Killed a water elemental
   381 | D        | Reached skill level 8 in Earth Magic
   381 | D        | Reached XP level 5. HP: 17/28 MP: 4/12
   506 | D        | Learned a level 4 spell: Petrify
   507 | D        | Found a radiant altar of Vehumet.
   507 | D        | Found a shimmering blue altar of Sif Muna.
   507 | D        | Found an ancient bone altar of Kikubaaqudgha.
   509 | D        | Reached skill level 5 in Spellcasting
   509 | D        | Reached skill level 9 in Earth Magic
   511 | D        | Noticed a soul eater
   534 | D        | Became a worshipper of Vehumet
   613 | D        | Learned a level 3 spell: Mephitic Cloud
   616 | D        | Found a glowing silver altar of Zin.
   617 | D        | Found a glowing golden altar of the Shining One.
   617 | D        | Found a white marble altar of Elyvilon.
   617 | D        | Noticed a deep elf pyromancer
   619 | D        | Noticed a fire elemental
   619 | D        | Noticed a fire elemental
   622 | D        | Noticed a fire elemental
   688 | D        | Killed a deep elf pyromancer
   689 | D        | Reached skill level 1 in Fighting
   689 | D        | Reached skill level 12 in Earth Magic
   689 | D        | Reached XP level 6. HP: 14/34 MP: 2/17
   689 | D        | Reached XP level 7. HP: 15/38 MP: 2/18
   916 | D        | Found a basalt altar of Yredelemnul.
   916 | D        | Found a shadowy altar of Dithmenos.
   916 | D        | Found a sacrificial altar of Ru.
   920 | D        | Reached * piety under Vehumet
   920 | D        | Offered knowledge of Foxfire by Vehumet.
   990 | D        | Found a hide-covered altar of Uskayaw.
   990 | D        | Found an iron altar of Okawaru.
   990 | D        | Found a bloodstained altar of Trog.
   990 | D        | Found an ornate altar of the Wu Jian Council.
   990 | D        | Noticed a human
   990 | D        | Noticed a human
   994 | D        | Killed a human
   995 | D        | Reached skill level 13 in Earth Magic
   996 | D        | Killed a human
   997 | D        | Reached skill level 5 in Stealth
   997 | D        | Reached XP level 8. HP: 43/43 MP: 2/21
  1185 | D        | Noticed a shadow
  1189 | D        | Killed a shadow
  1189 | D        | Reached ** piety under Vehumet
  1189 | D        | Offered knowledge of Scorch by Vehumet.
  1190 | D        | Reached skill level 5 in Conjurations
  1190 | D        | Reached skill level 1 in Poison Magic
  1285 | D        | Learned a level 2 spell: Scorch
  1360 | D        | Found a blossoming altar of Fedhas.
  1360 | D        | Found a stormy altar of Qazlal.
  1360 | D        | Found a snail-covered altar of Cheibriados.
  1360 | D        | Found a burning altar of Makhleb.
  1360 | D        | Found a shimmering altar of Xom.
  1361 | D        | Found a hazy altar of Hepliaklqana.
  1361 | D        | Found an opulent altar of Gozag.
  1361 | D        | Found a sparkling altar of Nemelex Xobeh.
  1361 | D        | Found a corrupted altar of Lugonu.
  1361 | D        | Found a viscous altar of Jiyva.
  1367 | D        | Reached skill level 14 in Earth Magic
  1466 | D        | Offered knowledge of Poisonous Vapours by Vehumet.
  1467 | D        | Reached skill level 10 in Spellcasting
  1467 | D        | Reached *** piety under Vehumet
  1468 | D        | Reached skill level 5 in Dodging
  1603 | D        | Noticed a two-headed ogre
  1609 | D        | Killed a two-headed ogre
  1609 | D        | Offered knowledge of Conjure Flame by Vehumet.
  1610 | D        | Reached skill level 1 in Fire Magic
  1610 | D        | Reached skill level 1 in Air Magic
  1610 | D        | Reached XP level 9. HP: 48/48 MP: 9/23
  1610 | D        | Noticed Erolcha
  1623 | D        | Killed Erolcha
  1624 | D        | Reached skill level 15 in Earth Magic
  1743 | D        | Noticed a two-headed ogre
  1746 | D        | Reached **** piety under Vehumet
  1750 | D        | Killed a two-headed ogre
  1750 | D        | Offered knowledge of Fulminant Prism by Vehumet.
  1856 | D        | Noticed a wandering mushroom
  1860 | D        | Noticed a wandering mushroom
  1862 | D        | Killed a wandering mushroom
  1863 | D        | Reached skill level 16 in Earth Magic
  1864 | D        | Noticed a wandering mushroom
  1869 | D        | Killed a wandering mushroom
  1870 | D        | Reached XP level 10. HP: 53/53 MP: 16/26
  1873 | D        | Reached ***** piety under Vehumet
  2080 | D        | Found Sezit's Distillery.
  2081 | D        | Noticed an orc knight
  2084 | D        | Slain by an orc warrior

Illustrated notes

Levels and vault maps discovered:
D:        dungeon_sprint_mu [sprint_mu_entry_cave, sprint_mu_temple_rooms,
          sprint_mu_d1_spiders, sprint_mu_d2_genie, sprint_mu_d3_branching,
          sprint_mu_orc_legion, sprint_mu_elf_gauntlet, sprint_mu_hive_nellie,
          sprint_mu_lair_fedhas, sprint_mu_vaults_butterflies,
          sprint_mu_slime_circle, sprint_mu_shoals_archi,
          sprint_mu_snake_twists, sprint_mu_blade_basic,
          sprint_mu_crypt_fortress, sprint_mu_tomb_spiral,
          sprint_mu_vestibule_basic, sprint_mu_gehenna_hellfire,
          sprint_mu_dis_giant, sprint_mu_tartarus_statrot,
          sprint_mu_cocytus_islands, sprint_mu_zot1]

Skill      XL: |  1  2  3  4  5  6  7  8  9 10 |
---------------+-------------------------------+-----
Earth Magic    | 6 7 8 12 13 14 16 | 16.3
Dodging        | 2 3 4 5 |  5.2
Spellcasting   | 3 4 8 9 10 12 | 12.5
Transmutations | 1 2 |  2.9
Stealth        | 3 4 5 |  5.4
Fighting       | 1 2 |  2.2
Conjurations   | 3 4 7 8 9 |  9.1
Poison Magic   | 1 2 |  2.5
Fire Magic     | 1 2 |  2.6
Air Magic      | 1 2 |  2.3

Action                   |  1- 3 |  4- 6 |  7- 9 | 10-12 || total
-------------------------+-------+-------+-------+-------++-------
 Cast: Sandblast         |    10 |     2 |    12 |       ||    24
       Stone Arrow       |     2 |    10 |    36 |     2 ||    50
       Passwall          |     2 |       |       |       ||     2
       Mephitic Cloud    |       |     1 |     6 |       ||     7
       Scorch            |       |       |     3 |       ||     3
  Use: Potion            |       |     3 |       |       ||     3
       Scroll            |       |       |       |     4 ||     4
Armor: Robe              |     1 |     1 |       |       ||     2
Dodge: Dodged            |     2 |     5 |     5 |       ||    12

Table legend: (Time is in decaauts)
 A = Elapsed time spent in this place.
 B = Non-inter-level travel time spent in this place.
 C = Inter-level travel time spent in this place.
 D = Time resting spent in this place.
 E = Time spent auto-exploring this place.
 F = Levels seen in this place.
 G = Mean time per level.
                   A        B        C        D        E       F      G
               +--------+--------+--------+--------+--------+-----+--------+
         Total |   2084 |   2084 |      0 |   1317 |    305 |   1 | 2084.0 |
       Dungeon |   2084 |   2084 |      0 |   1317 |    305 |   1 | 2084.0 |
               +--------+--------+--------+--------+--------+-----+--------+

Top non-repeatable levels by time:
       D: 2084 daAuts
